 Dungeon Crawl Stone Soup version 0.28.0-45-g0d030f2227 (webtiles) character file.

Game seed: 15854617397473549037

2531 protoss039 the Digger (level 9, -13/76 HPs)
             Began as a Gargoyle Earth Elementalist on Apr 30, 2022.
             Was a Believer of Vehumet.
             Mangled by an orc knight
             ... wielding a +0 war axe
              (21 damage)
             ... in a bailey.
             The game lasted 00:27:14 (8861 turns).

protoss039 the Digger (Gargoyle Earth Elementalist) Turns: 8861, Time: 00:27:15

Health: -13/76     AC: 24    Str: 11    XL:     9   Next: 55%
Magic:  3/19       EV:  2    Int: 21    God:    Vehumet [**....]
Gold:   376        SH:  5    Dex: 10    Spells: 12/22 levels left

rFire   . . .      SeeInvis .   u - +5 flail "Beastbane" {drain, *Slow rPois rC+ Stlth+}
rCold   + . .      Faith    .   (no shield)
rNeg    + . .      Spirit   .   (armour currently unavailable)
rPois   ∞          Reflect  +   (helmet currently unavailable)
rElec   .          Harm     .   (cloak currently unavailable)
rCorr   .          Rampage  .   (gloves currently unavailable)
Will    .....      NoTele   +   (boots currently unavailable)
Stlth   +++.......              h - amulet of reflection
HPRegen 0.22/turn               f - ring of wizardry
MPRegen 0.16/turn               (no ring)

@: tree-form
A: stationary, stasis, torment immunity, boosted hp, sickness immunity, AC +6,
negative energy resistance 1, (electricity resistance), torment resistance 1,
petrification resistance
a: Renounce Religion


You were in a bailey.
You worshipped Vehumet.
Vehumet was pleased with you.
You were a tree.
You visited 2 branches of the dungeon, and saw 8 of its levels.
You also visited: Ossuary and Bailey.

You collected 376 gold pieces.

Inventory:

Hand Weapons
 c - a +3 trident
 u - the +5 flail "Beastbane" (weapon) {drain, *Slow rPois rC+ Stlth+}
   (You found it on level 4 of the Dungeon)

   A truly terrible weapon, it drains the life of any living foe it strikes.
   rC:        It protects you from cold.
   rPois:     It protects you from poison.
   *Slow:     It may slow you when you take damage.
   Stlth:     It makes you more stealthy.
Missiles
 s - 165 stones
Armour
 b - a +0 robe (melded)
 k - a +0 pair of gloves (melded)
 m - a +0 ring mail
 n - a +0 helmet (melded)
 t - a +0 cloak
 y - a +2 cloak of poison resistance (melded)
 z - a +0 pair of boots (melded)
Magical Staves
 j - a staff of cold
Jewellery
 f - a ring of wizardry (left branch)
 h - an amulet of reflection (around neck)
Wands
 p - a wand of polymorph (10)
Scrolls
 a - a scroll of torment
 g - a scroll of teleportation
 o - 2 scrolls of immolation {unknown}
 x - 2 scrolls of magic mapping
 A - a scroll of fog {unknown}
 C - a scroll of vulnerability {unknown}
Potions
 e - 5 potions of lignification
 i - 2 potions of berserk rage
 l - 3 potions of brilliance
 q - 2 potions of mutation
 w - 2 potions of curing
 B - a potion of cancellation {unknown}
 D - a potion of degeneration {unknown}


   Skills:
 + Level 3.4 Fighting
 + Level 1.3 Armour
 - Level 1.8 Dodging
 - Level 3.0 Stealth
 * Level 7.2 Spellcasting
 + Level 6.7 Conjurations
 - Level 3.0 Transmutations
 + Level 7.5 Earth Magic


You had 12 spell levels left.
You knew the following spells:

 Your Spells              Type           Power      Damage    Failure   Level
a - Sandblast             Erth           78%        2d17      1%          1
b - Passwall              Tmut/Erth      24%        N/A       1%          2
c - Stone Arrow           Conj/Erth      74%        3d11      1%          3
d - Apportation           Tloc           14%        N/A       3%          1
e - Frozen Ramparts       Ice            14%        1d3       11%         3

Your spell library contained the following spells:

 Spells                   Type           Power      Damage    Failure   Level
 Shock                    Conj/Air       84%        1d8       1%          1
 Freeze                   Ice            28%        1d5       3%          1
 Petrify                  Tmut/Erth      29%        N/A       4%          4
 Hailstorm                Conj/Ice       21%        3d6       9%          4
 Passage of Golubria      Tloc           7%         N/A       32%         4
 Alistair's Intoxication  Tmut/Pois      8%         N/A       45%         5
 Silence                  Hex/Air        3%         N/A       65%         5
 Lehudib's Crystal Spear  Conj/Erth      18%        10d6      100%        8


Dungeon Overview and Level Annotations

Branches:
Dungeon (7/15)             Temple (1/1) D:6         Ossuary (visited)
 Bailey (1/1)

Altars:
Ashenzari
Cheibriados
Dithmenos
Elyvilon
Fedhas
Gozag
Hepliaklqana
Kikubaaqudgha
Makhleb
Nemelex Xobeh
Okawaru
Qazlal
Ru
Sif Muna
Trog
Vehumet
Wu Jian
Xom
Yredelemnul
The Shining One

Shops:
D:6 *

Annotations:
Bailey exclusion: orc warlord


Innate Abilities, Weirdness & Mutations

You are a tree.
Your roots penetrate the ground, keeping you stationary.
You cannot be teleported.
You are immune to unholy pain and torment.
Your maximum health is greatly increased.
Your equipment is partially melded.
You are immune to sickness and miasma.
((Your stone body is resilient. (AC +6)))
You are immune to poison.
You resist negative energy. (rN+)
((You are resistant to electric shocks. (rElec)))
You are resistant to unholy torment.
You are immune to petrification.


Message History

You barely miss the orc knight.
The orc warrior hits you with a +0 war axe!
The orc knight splashes around in the water. x2
Unknown command.
Unknown command.
Unknown command.
Unknown command.
As you read the scroll labelled UMORUHIUKH, it crumbles to dust.
You feel a surge of unholy energy.
The orc knight convulses!
The orc warrior convulses!
The orc knight convulses!
The orc convulses!
The goblin convulses!
It was a scroll of torment.
The orc knight hits you with a +0 war axe!!
The orc knight hits you with a +0 war axe.
The orc knight hits you with a +0 war axe! x2
* * * LOW HITPOINT WARNING * * *
Unknown command.
Okay, then.
Unknown command.
You feel much better.
The orc knight no longer looks unusually strong.
The orc no longer looks unusually strong.
The orc knight roars a battlecry!
The orcs go into a battle-frenzy!
The orc knight hits you with a +0 war axe!!
* * * LOW HITPOINT WARNING * * *
Unknown command.
You feel much better.
You feel yourself speed up.
The orc knight hits you but does no damage.
The orc knight hits you with a +0 war axe!
* * * LOW HITPOINT WARNING * * *
The orc knight hits you but does no damage.
The orc knight hits you with a +0 war axe.
* * * LOW HITPOINT WARNING * * *
Unknown command.
You feel much better.
The orc knight hits you with a +0 war axe!!
* * * LOW HITPOINT WARNING * * *
The orc knight hits you with a +0 war axe!!
You die...

...'.....#.. ...'.....#o.
...).....#.. ...#....##8.
))##....#≈?. . .##.....#
. ... ##......## ###....
#........#########o.....8
#..8..8....'....♣oo......
#..........#≈≈≈≈o#g......
##.........#≈≈≈≈≈#.(.8..8
##...8...##≈≈≈≈≈##......
##.....##.......##.....
##...##.........##.$?#
#####♣♣♣.....♣♣♣ ####
♣♣♣∩♣♣♣ ♣♣♣


You could see 2 orc knights, an orc warrior (strong), an orc (strong) and a
goblin.

Vanquished Creatures
  An orc knight (Bailey)
  A steam dragon (D:6)
  Edmund (D:5)
  Menkaure (D:6)
  2 orc warriors
  A black bear (D:4)
  A necrophage (D:2)
  A wyvern zombie (D:6)
  2 bullfrogs (D:6)
  A gnoll sergeant (D:5)
  2 scorpions (D:5)
  A howler monkey (D:4)
  A bullfrog zombie (D:3)
  A hound (D:6)
  2 jellies
  A human zombie (Ossuary)
  An orc priest (D:6)
  Crazy Yiuf (D:4)
  A bullfrog skeleton (D:5)
  An iguana (D:6)
  7 orc wizards
  3 mummies (Ossuary)
  Robin (D:2)
  15 adders
  13 gnolls
  A white imp (D:5)
  2 ufetubi (D:5)
  2 adder zombies (Ossuary)
  2 adder skeletons (D:4)
  3 worms
  A dart slug (D:1)
  30 orcs
  7 ball pythons
  6 endoplasms
  4 giant cockroaches
  2 gnoll zombies (Ossuary)
  21 goblins
  9 hobgoblins
  4 jackals (D:1)
  7 quokkas
  4 bats
  2 frilled lizards (D:2)
  4 goblin zombies
  4 hobgoblin zombies (Ossuary)
  10 kobolds
  3 quokka zombies (Ossuary)
  18 rats
  3 rat zombies (Ossuary)
212 creatures vanquished.

Vanquished Creatures (others)
  An orc (D:6)
  2 fungi (D:4)
3 creatures vanquished.

Grand Total: 215 creatures vanquished

Notes
Turn   | Place    | Note
-------+----------+-------------------------------------------
     0 | D:1      | protoss039 the Gargoyle Earth Elementalist began the quest
                  | for the Orb.
     0 | D:1      | Reached XP level 1. HP: 10/10 MP: 3/3
   175 | D:1      | Reached skill level 1 in Transmutations
   175 | D:1      | Reached XP level 2. HP: 12/15 MP: 1/5
   479 | D:1      | Reached XP level 3. HP: 19/19 MP: 6/6
  1461 | D:1      | Learned a level 2 spell: Passwall
  1465 | D:1      | Learned a level 3 spell: Stone Arrow
  1478 | D:2      | Found a faded altar of an unknown god.
  1532 | D:2      | Noticed Robin
  1571 | D:2      | Killed Robin
  1572 | D:2      | Reached XP level 4. HP: 18/24 MP: 3/7
  2331 | D:2      | Reached XP level 5. HP: 28/28 MP: 5/9
  3020 | D:3      | Found a shadowy altar of Dithmenos.
  3050 | D:3      | Reached skill level 5 in Earth Magic
  3158 | D:3      | Reached XP level 6. HP: 23/32 MP: 5/11
  3861 | D:4      | Noticed a necrophage
  3939 | D:2      | Killed a necrophage
  3940 | D:2      | Reached skill level 1 in Conjurations
  4130 | D:4      | Noticed Crazy Yiuf
  4130 | D:4      | Found a runed translucent door.
  4133 | D:4      | Killed Crazy Yiuf
  4134 | D:4      | Reached skill level 1 in Fighting
  4338 | D:4      | Identified the +5 flail "Beastbane" {drain, *Slow rPois rC+
                  | Stlth+}
  4464 | D:4      | Reached XP level 7. HP: 34/38 MP: 12/12
  5353 | D:5      | Entered Level 5 of the Dungeon
  6009 | D:5      | Reached XP level 8. HP: 45/45 MP: 11/15
  6118 | D:5      | Found an iron altar of Okawaru.
  6122 | D:5      | Found an ancient bone altar of Kikubaaqudgha.
  6130 | D:5      | Reached skill level 5 in Spellcasting
  6304 | D:5      | Found a sacrificial altar of Ru.
  6338 | D:5      | Noticed Edmund
  6348 | D:5      | Killed Edmund
  6864 | D:6      | Found a staircase to the Ecumenical Temple.
  6871 | Temple   | Entered the Ecumenical Temple
  7022 | Temple   | Became a worshipper of Vehumet
  7426 | D:6      | Reached skill level 5 in Conjurations
  7480 | D:6      | Noticed Menkaure
  7491 | D:6      | Killed Menkaure
  7751 | D:6      | Reached XP level 9. HP: 47/50 MP: 18/18
  7769 | D:6      | Found Duperch's Desiderata Depot.
  7802 | D:6      | Reached * piety under Vehumet
  7802 | D:6      | Offered knowledge of Magic Dart by Vehumet.
  8213 | D:7      | Found a flagged portal.
  8255 | D:7      | Found a sand-covered staircase.
  8262 | Ossuary  | Entered an ossuary
  8538 | Bailey   | Entered a bailey
  8564 | Bailey   | Noticed an orc warlord
  8667 | Bailey   | Offered knowledge of Shock by Vehumet.
  8782 | Bailey   | Learned a level 1 spell: Apportation
  8788 | Bailey   | Learned a level 3 spell: Frozen Ramparts
  8838 | Bailey   | Noticed an orc knight
  8844 | Bailey   | Reached ** piety under Vehumet
  8846 | Bailey   | Noticed an orc knight
  8852 | Bailey   | Noticed an orc knight
  8854 | Bailey   | Killed an orc knight
  8855 | Bailey   | Reached skill level 1 in Armour
  8859 | Bailey   | HP: 1/76 [orc knight/+0 war axe (24)]
  8861 | Bailey   | Mangled by an orc knight

Illustrated notes

Levels and vault maps discovered:
D:1:      minmay_arrival_hallway, layout_loops_corners, minmay_misc_feat_rows,
          minmay_rat_gold_closets
D:2:      layout_loops_ring, hellmonk_ecumenical_altar_crossroads, uniq_robin
D:3:      layout_basic, nicolae_dithmenos_shadow_blocks, nrook_mini_vaults
D:4:      layout_basic, uniq_crazy_yiuf_cottage
D:5:      nicolae_cairo_tiling_large_dashed, layout_basic,
          mainiacjoe_overflow_six_doors_small, grunt_temple_overflow_open,
          minmay_misc_feat_x, minivault_14, uniq_edmund
D:6:      layout_cave_pools, minmay_temple_entry_nine_rooms, dk_noncrumbling_4,
          nicolae_alphabet_shops, minmay_misc_feat_enclosed, uniq_menkaure
D:7:      layout_loops_ring, nicolae_uskayaw_murder_on_the_dancefloor,
          enter_bailey_5, enter_ossuary_4, minmay_fractal_squares_diagonal_5
Temple:   nicolae_temple_elliptical
Bailey:   bailey_axe_bossmonster_kennysheep, bailey

Skill      XL: |  1  2  3  4  5  6  7  8  9 |
---------------+----------------------------+-----
Transmutations | 1 2 3 |  3.0
Earth Magic    | 4 5 6 7 |  7.5
Spellcasting   | 3 4 6 7 |  7.2
Conjurations   | 2 3 5 6 |  6.7
Fighting       | 1 2 3 |  3.4
Armour         | 1 |  1.3
Stealth        | 3 |  3.0
Dodging        | |  1.8

Action                   |  1- 3 |  4- 6 |  7- 9 || total
-------------------------+-------+-------+-------++-------
Melee: Unarmed           |     5 |       |       ||     5
       Spear             |    90 |   176 |       ||   266
       Trident           |       |    52 |       ||    52
       Flail             |       |    10 |   147 ||   157
       Punch             |       |     1 |     3 ||     4
 Cast: Sandblast         |    17 |    32 |    35 ||    84
       Stone Arrow       |       |    10 |    84 ||    94
       Frozen Ramparts   |       |       |     1 ||     1
  Use: Scroll            |       |     1 |     9 ||    10
       Potion            |       |       |     6 ||     6
 Stab: Sleeping          |     9 |     6 |     3 ||    18
Armor: Robe              |    29 |    83 |    86 ||   198
       Skin              |       |       |     7 ||     7
Dodge: Dodged            |    58 |   168 |    90 ||   316
Block: Other             |       |     9 |    53 ||    62
       Reflection        |       |       |     5 ||     5
